 Dungeon Crawl Stone Soup version 0.28-a0-1565-g95a8017c83 (webtiles) character file.

Game seed: 15051361650654369578

1338 kae the Insei (level 8, -12/75 HPs)
             Began as a Grey Draconian Transmuter on Jan 19, 2022.
             Was an Initiate of Ru.
             Mangled by a gargoyle (19 damage)
             ... on level 6 of the Dungeon.
             The game lasted 00:04:38 (8507 turns).

kae the Insei (Grey Draconian Transmuter)           Turns: 8507, Time: 00:04:38

Health: -12/75     AC:  7    Str: 12    XL:     8   Next: 35%
Magic:  9/13       EV: 10    Int: 16    God:    Ru [......]
Gold:   84         SH:  0    Dex: 12    Spells: 6/14 levels left

rFire   x . .      SeeInvis .     - Unarmed
rCold   + + +      Faith    .   (shield currently unavailable)
rNeg    . . .      Spirit   .   (armour unavailable)
rPois   +          Reflect  .   (helmet currently unavailable)
rElec   .          Harm     .   (cloak currently unavailable)
rCorr   +          Rampage  .   (gloves currently unavailable)
Will    .....                   (boots currently unavailable)
Stlth   +.........              (no amulet)
HPRegen 0.22/turn               j - ring of resist corrosion
MPRegen 0.13/turn               (no ring)

@: ice-form
A: freezing attack, boosted hp, AC +11, amphibious, large, unfitting armour,
(cold-blooded)
a: End Transformation, Renounce Religion


You were on level 6 of the Dungeon.
You worshipped Ru.
Ru was noncommittal.
You were a creature of crystalline ice.
You visited 2 branches of the dungeon, and saw 7 of its levels.

You collected 284 gold pieces.
You spent 200 gold pieces at shops.

Inventory:

Missiles
 t - a throwing net
Jewellery
 a - a ring of fire
 j - a ring of resist corrosion (left front paw)
 l - an amulet of faith
 p - a ring of flight
 u - a ring of fire
Wands
 k - a wand of iceblast (10)
Scrolls
 b - a scroll of torment
 n - 3 scrolls of teleportation
 o - a scroll of enchant armour
 x - a scroll of enchant weapon
Potions
 c - 2 potions of invisibility
 d - 2 potions of mutation
 e - a potion of ambrosia
 f - a potion of resistance
 g - a potion of flight
 h - a potion of magic
 i - 2 potions of haste
 m - 2 potions of might
 q - 2 potions of curing
 r - a potion of lignification
 s - a potion of degeneration
 v - 3 potions of heal wounds {unknown}


   Skills:
 + Level 3.5 Fighting
 + Level 3.4 Dodging
 * Level 5.7 Unarmed Combat
 + Level 3.7 Spellcasting
 * Level 5.3 Transmutations
 * Level 3.6 Ice Magic
 - Level 2.0 Poison Magic


You had 6 spell levels left.
You knew the following spells:

 Your Spells              Type           Power      Damage    Failure   Level
a - Beastly Appendage     Tmut           40%        N/A       1%          1
b - Spider Form           Tmut/Pois      14%        N/A       12%         3
c - Ice Form              Ice/Tmut       17%        N/A       26%         4

Your spell library contained the following spells:

 Spells                   Type           Power      Damage    Failure   Level
 Wereblood                Tmut           20%        N/A       3%          2
 Passwall                 Tmut/Erth      9%         N/A       9%          2
 Ensorcelled Hibernation  Hex/Ice        16%        N/A       12%         2
 Dazzling Flash           Conj/Hex       4%         N/A       45%         3
 Swiftness                Air            2%         N/A       45%         3
 Fulminant Prism          Conj/Hex       1%         3d6       86%         4
 Iskenderun's Mystic Bla  Conj/Tloc      2%         2d3       86%         4
 Lee's Rapid Deconstruct  Erth           1%         3d5*      99%         5
 Starburst                Conj/Fire      1%         6d3       100%        6


Dungeon Overview and Level Annotations

Branches:
Dungeon (6/15)             Temple (1/1) D:5

Altars:
Ashenzari
Cheibriados
Dithmenos
Elyvilon
Fedhas
Gozag
Hepliaklqana
Kikubaaqudgha
Makhleb
Nemelex Xobeh
Okawaru
Qazlal
Ru
Sif Muna
Trog
Uskayaw
Vehumet
Wu Jian
Xom
Yredelemnul
Zin
The Shining One
Beogh

Shops:
D:1 [   D:2 [[   D:4 ([[!


Innate Abilities, Weirdness & Mutations

You are a creature of crystalline ice.
You have a powerful freezing melee attack.
Your maximum health is increased.
Your armour is entirely melded.
You are incapable of wielding weapons or throwing items.
((Your dull iron-grey scales are very hard. (AC +11)))
You are amphibious.
You cannot fit into any form of body armour.
((You are cold-blooded and may be slowed by cold attacks.))


Message History

You punch the necrophage! You freeze the necrophage.
You destroy the necrophage!
Your life force feels restored.
Your transformation is almost over.
You warm up again.
Things that are here:
a necrophage corpse; a scorpion corpse A gargoyle comes into view.
It is wielding a +0 mace.
The gargoyle hurls a stone arrow at you.
The stone arrow hits you!
A gargoyle is nearby!
A gargoyle is nearby!
A gargoyle is nearby!
You see here a scroll of blinking.
Casting: Ice Form (quite dangerous; 26% risk of failure)
Confirm with . or Enter, or press ? or * to list all spells.
The spell is quite dangerous to miscast (26% risk of failure)!
Continue anyway? [Y]es or [N]o only, please.
The spell is quite dangerous to miscast (26% risk of failure)!
Continue anyway?
You turn into a creature of crystalline ice.
The gargoyle hurls a stone arrow at you.
The stone arrow hits you!
You hit the gargoyle but do no damage.
The gargoyle hurls a stone arrow at you.
The stone arrow hits you!
You hit the gargoyle but do no damage. The gargoyle hits you with a +0 mace.
You hit the gargoyle but do no damage.
The gargoyle hurls a stone arrow at you.
The stone arrow hits you!
You punch the gargoyle! You freeze the gargoyle.
The gargoyle is heavily damaged.
The gargoyle hurls a stone arrow at you.
The stone arrow hits you!!
* * * LOW HITPOINT WARNING * * *
You hit the gargoyle. You freeze the gargoyle.
The gargoyle is severely damaged.
You hit the gargoyle but do no damage.
The gargoyle is severely damaged.
The gargoyle hits you with a +0 mace!!
You die...

### #.. ..# #.#
#.## #.. ...# # #.#
#..# ### #.# #..#
..###.# #..#
......##########9.#
#.##............Y.#
#.##..##########.##
#.##).# #.# #.....#
#.# ####.## #.# #
#.# #.# # #.#
#.#### # #.# #....#
#.# ####.#


You could see a gargoyle.

Vanquished Creatures
  Sigmund (D:2)
  A steam dragon (D:5)
  Menkaure (D:5)
  2 necrophages
  2 scorpions (D:6)
  A hound (D:5)
  5 orc priests
  2 jellies
  A centaur skeleton (D:3)
  An iguana (D:5)
  Ijyb (D:4)
  2 orc wizards
  A hound skeleton (D:4)
  A howler monkey zombie (D:4)
  A river rat (D:4)
  6 adders
  A white imp (D:6)
  2 ufetubi
  An adder skeleton (D:4)
  2 worms (D:4)
  3 dart slugs
  16 orcs
  4 ball pythons
  5 endoplasms
  2 giant cockroaches
  11 goblins
  13 hobgoblins
  6 jackals
  7 kobolds
  7 quokkas
  9 bats
  4 frilled lizards
  3 rats
125 creatures vanquished.

Vanquished Creatures (others)
  An orc wizard (D:4)
1 creature vanquished.

Grand Total: 126 creatures vanquished

Notes
Turn   | Place    | Note
-------+----------+-------------------------------------------
     0 | D:1      | kae the Draconian Transmuter began the quest for the Orb.
     0 | D:1      | Reached XP level 1. HP: 16/16 MP: 3/3
   450 | D:1      | Reached XP level 2. HP: 15/23 MP: 3/5
   838 | D:1      | Found Aruel's Antique Armour Shop.
  1123 | D:1      | Found a faded altar of an unknown god.
  1178 | D:1      | Reached XP level 3. HP: 21/28 MP: 6/6
  1182 | D:1      | Learned a level 3 spell: Spider Form
  1437 | D:2      | Noticed Sigmund
  1917 | D:2      | Found Nuha's Armour Boutique.
  2154 | D:2      | Killed Sigmund
  2155 | D:2      | Reached skill level 1 in Poison Magic
  2155 | D:2      | Reached XP level 4. HP: 18/36 MP: 2/8
  2155 | D:2      | Reached XP level 5. HP: 20/41 MP: 2/9
  2366 | D:2      | Learned a level 4 spell: Ice Form
  2501 | D:2      | Found Ystiejec's Antique Armour Emporium.
  2844 | D:3      | Reached XP level 6. HP: 33/48 MP: 4/10
  2941 | D:3      | Found an iron altar of Okawaru.
  3469 | D:3      | Reached skill level 1 in Ice Magic
  3943 | D:4      | Found Wiumiygg's Armour Shop.
  4112 | D:4      | Found Cewan's Armour Shop.
  4256 | D:4      | Your scales start taking on a dull iron-grey colour.
  4256 | D:4      | Reached XP level 7. HP: 32/56 MP: 8/11
  4545 | D:4      | Noticed Ijyb
  4561 | D:4      | Killed Ijyb
  4709 | D:4      | Found Piysohom's Jewellery Shoppe.
  4855 | D:4      | Found Ustri Beu's Distillery.
  4886 | D:4      | Bought a potion of curing for 30 gold pieces
  4886 | D:4      | Bought a potion of haste for 100 gold pieces
  4886 | D:4      | Bought a potion of curing for 30 gold pieces
  4886 | D:4      | Bought a potion of lignification for 30 gold pieces
  4886 | D:4      | Bought a potion of degeneration for 10 gold pieces
  5604 | D:4      | Found Soolorgh's Weapon Shop.
  5830 | D:5      | Entered Level 5 of the Dungeon
  6073 | D:5      | Noticed Menkaure
  6078 | D:5      | Killed Menkaure
  6079 | D:5      | Reached skill level 5 in Unarmed Combat
  6559 | D:5      | Noticed a steam dragon
  6789 | D:5      | Killed a steam dragon
  6790 | D:5      | Reached skill level 5 in Transmutations
  6790 | D:5      | Reached XP level 8. HP: 14/63 MP: 7/13
  7047 | D:5      | Found a staircase to the Ecumenical Temple.
  7393 | Temple   | Entered the Ecumenical Temple
  7647 | Temple   | Became a worshipper of Ru the Awakened
  8228 | D:6      | Identified the +0 plate armour of True Grit {rF- Regen+
                  | Str+4}
  8497 | D:6      | Noticed a gargoyle
  8507 | D:6      | Mangled by a gargoyle

Illustrated notes

Levels and vault maps discovered:
D:1:      dpeg_arrival_windows_large_door, layout_rooms,
          chequers_ecumenical_altar_lobes, serial_shops,
          nicolae_shop_behind_doors, glass_columns_c
D:2:      layout_loops_ring, serial_shops, shop, shop, uniq_sigmund
D:3:      layout_rooms, okawaru_gym_becter, kennysheep_orc_chapel
D:4:      layout_basic, serial_shops, nicolae_shop_hallway_stairs,
          nicolae_shop_stone, shop, shop, shop, lightli_sewer_entry_pipes,
          uniq_ijyb
D:5:      layout_basic, minmay_temple_entry_statues_pillars, uniq_menkaure
D:6:      layout_loops_ring
Temple:   mainiacjoe_temple_hex_bubbles

Skill      XL: |  1  2  3  4  5  6  7 |
---------------+----------------------+-----
Dodging        | 2 3 |  3.4
Fighting       | 2 3 |  3.5
Unarmed Combat | 4 5 |  5.7
Transmutations | 3 4 5 |  5.3
Poison Magic   | 1 2 |  2.0
Ice Magic      | 1 3 |  3.6
Spellcasting   | 3 |  3.7

Action                   |  1- 3 |  4- 6 |  7- 9 || total
-------------------------+-------+-------+-------++-------
Melee: Unarmed           |   116 |    94 |   181 ||   391
       Kick              |    20 |     3 |       ||    23
       Headbutt          |    19 |     2 |       ||    21
       Tailslap          |     7 |     6 |     1 ||    14
       Punch             |       |     1 |       ||     1
 Cast: Beastly Appendage |    24 |     5 |       ||    29
       Spider Form       |     1 |    16 |    19 ||    36
       Ice Form          |       |       |     4 ||     4
  Use: Scroll            |       |    11 |     6 ||    17
 Stab: Sleeping          |       |     1 |       ||     1
Armor: Skin              |    30 |    18 |    29 ||    77
Dodge: Dodged            |    87 |    72 |   127 ||   286

Table legend: (Time is in decaauts)
 A = Elapsed time spent in this place.
 B = Non-inter-level travel time spent in this place.
 C = Inter-level travel time spent in this place.
 D = Time resting spent in this place.
 E = Time spent auto-exploring this place.
 F = Levels seen in this place.
 G = Mean time per level.
                   A        B        C        D        E       F      G
               +--------+--------+--------+--------+--------+-----+--------+
         Total |   8482 |   8183 |    299 |    858 |   6276 |   7 | 1211.7 |
       Dungeon |   8218 |   7953 |    265 |    858 |   6048 |   6 | 1369.7 |
        Temple |    263 |    230 |     33 |      0 |    228 |   1 |  263.0 |
               +--------+--------+--------+--------+--------+-----+--------+

Top non-repeatable levels by time:
     D:4: 1723 daAuts
     D:5: 1593 daAuts
     D:2: 1579 daAuts
     D:1: 1480 daAuts
     D:3: 1030 daAuts
     D:6: 810 daAuts
  Temple: 263 daAuts
